AoeStats
← Chris

Oasis

507663562Analyzed
4v4 RM · 13d ago on Sep 19, 2026· 52m 10s· 8 players
Game mode
Random Map
Map size
Large (8 player)
Population
200
Speed
Normal
Resources
Standard
Victory
Conquest
Starting age
Dark Age
Ending age
Imperial Age
RankedLock teamsTeams togetherTeam positionsShared explorationLock speedFull tech treeHidden civsTurbo modeCheats
Victory
Defeat
🇨🇴 Spanish · Colombia
1286
+20
🇺🇸 Britons · United States
1286
+20
🇨🇳 Franks · China
1242
+21
🇵🇱 Shu · Poland
1192
+23
🇨🇦 Mongols · Canada
1476
-26
🇺🇸 Teutons · United States
1335
-20
🇺🇸 Khmer · United States
1323
-19
🇺🇸 Malay · United States
1321
-19
Bipedal_Man
5:35 Loom
9:16 Feudal Age
15:32 Fletching
21:06 Padded Archer Armor
25:08 Castle Age
25:11 Crossbowman
25:52 Bodkin Arrow
26:25 Thumb Ring
26:32 Thumb Ring
27:54 Leather Archer Armor
33:17 Wheelbarrow
32:28 Town Watch
33:51 Double-Bit Axe
34:10 Horse Collar
38:25 Imperial Age
36:51 Hand Cart
37:40 Ballistics
38:29 Arbalester
39:10 Bracer
40:51 Chemistry
42:23 Siege Engineers
43:36 Ring Archer Armor
50:48 Bolt Magazine
santiagogp2093
10:29 Feudal Age
13:08 Fletching
18:24 Castle Age
17:58 Loom
30:09 Wheelbarrow
30:39 Sanctity
30:34 Redemption
36:14 Imperial Age
35:06 Hand Cart
34:53 Gold Mining
37:48 Block Printing
41:47 Bloodlines
41:40 Husbandry
42:52 Inquisition
42:52 Cavalier
44:28 Paladin
48:23 Forging
48:18 Scale Barding Armor
49:10 Double-Bit Axe
Chris
7:25 Loom
9:36 Feudal Age
17:06 Town Watch
19:04 Wheelbarrow
18:46 Horse Collar
26:38 Castle Age
25:20 Double-Bit Axe
27:31 Bow Saw
27:23 Heavy Plow
28:35 Padded Archer Armor
29:34 Stone Mining
30:03 Gold Mining
32:00 Fletching
33:42 Elite Skirmisher
34:22 Bodkin Arrow
40:04 Imperial Age
39:12 Leather Archer Armor
39:24 Ballistics
39:20 Scale Mail Armor
39:31 Forging
39:35 Pikeman
40:33 Masonry
40:15 Halberdier
40:56 Squires
40:44 Elite Longbowman
41:32 Bracer
44:32 Yeomen
43:47 Halberdier
44:28 Squires
44:13 Arson
45:36 Ring Archer Armor
45:56 Chain Mail Armor
46:16 Iron Casting
46:24 Conscription
48:22 Plate Mail Armor
48:28 Iron Casting
49:51 Warwolf
LDX.Heisi
7:40 Loom
9:55 Feudal Age
10:31 Double-Bit Axe
14:58 Wheelbarrow
19:17 Castle Age
18:24 Scale Barding Armor
18:30 Forging
18:13 Gold Mining
20:05 Husbandry
20:28 Chain Barding Armor
21:16 Bow Saw
21:20 Town Watch
24:33 Hand Cart
27:45 Hand Cart
37:15 Gold Shaft Mining
36:32 Stone Mining
39:38 Imperial Age
40:54 Plate Barding Armor
39:41 Cavalier
41:42 Iron Casting
41:57 Conscription
41:03 Paladin
42:23 Chivalry
44:40 Blast Furnace
50:37 Caravan
Drachken
7:55 Loom
11:08 Feudal Age
15:50 Castle Age
14:15 Double-Bit Axe
14:27 Horse Collar
16:44 Bow Saw
17:12 Scale Barding Armor
22:09 Bloodlines
25:56 Chain Barding Armor
27:05 Forging
29:39 Iron Casting
31:20 Fletching
31:35 Pikeman
32:16 Squires
32:01 Arson
32:14 Bodkin Arrow
34:59 Gold Mining
35:12 Heavy Plow
36:01 Ballistics
39:09 Imperial Age
36:58 Scale Mail Armor
37:34 Wheelbarrow
36:44 Town Watch
38:49 Ironclad
39:26 Heavy Scorpion
41:21 Chain Mail Armor
42:07 Blast Furnace
42:33 Chemistry
44:50 Masonry
44:47 Siege Engineers
46:09 Fortified Wall
45:45 Arrowslits
45:50 Guard Tower
48:08 Plate Mail Armor
47:00 Halberdier
52:53 Two-Man Saw
AlohaInMyHeartForAOE2
7:10 Loom
10:12 Feudal Age
10:17 Man-at-Arms
21:19 Castle Age
20:04 Double-Bit Axe
28:27 Imperial Age
26:08 Fletching
27:20 Bodkin Arrow
27:12 Crossbowman
28:32 Ballistics
29:58 Bracer
33:21 Chemistry
39:07 Thumb Ring
40:01 Arbalester
41:51 Padded Archer Armor
44:32 Leather Archer Armor
45:44 Ring Archer Armor
BlossomForce
5:30 Loom
12:33 Feudal Age
14:34 Double-Bit Axe
15:25 Bloodlines
16:41 Horse Collar
22:01 Castle Age
22:27 Stone Mining
22:28 Gold Mining
28:29 Fletching
34:19 Husbandry
34:30 Town Watch
36:26 Wheelbarrow
36:55 Bodkin Arrow
42:08 Scale Barding Armor
42:28 Bow Saw
43:33 Chain Barding Armor
50:10 Gold Shaft Mining
50:13 Stone Shaft Mining
50:11 Hand Cart
51:55 Scale Mail Armor
52:05 Forging
nap ydnar
6:27 Loom
9:34 Feudal Age
9:36 Man-at-Arms
14:33 Fletching
19:44 Double-Bit Axe
21:28 Town Watch
25:31 Castle Age
24:21 Horse Collar
25:33 Crossbowman
26:08 Bodkin Arrow
28:18 Ballistics
46:55 Imperial Age
47:21 Arbalester
48:31 Bow Saw
48:55 Bracer
Connection lost

Rejoining the realm…

Still unreachable

The connection could not be restored.

Session expired

The server has moved on; the page needs a fresh start.